 Dungeon Crawl Stone Soup version 0.32-a0-953-g508020473e (webtiles) character file.

Game seed: 14128217197252908434

493 Hubris850 the Covert (level 6, 0/30 HPs)
             Began as a Vampire Enchanter on Apr 16, 2024.
             Was a Believer of Sif Muna.
             Slain by an orc
             ... wielding a +0 club
              (1 damage)
             ... on level 3 of the Dungeon.
             The game lasted 00:13:32 (2728 turns).

Hubris850 the Covert (Vampire Enchanter)            Turns: 2728, Time: 00:13:32

Health: 0/30       AC:  0    Str:  5 (7)  XL:     6   Next: 92%
Magic:  9/10       EV: 19    Int: 15 (17) God:    Sif Muna [**....]
Gold:   105        SH:  0    Dex: 20 (22) Spells: 6/11 levels left

rFire   . . .        t - melded +2 short sword (venom)
rCold   + + .        l - melded +2 buckler
rNeg    + + +        h - melded +1 robe
rPois   ∞            (helmet currently unavailable)
rElec   .            (cloak currently unavailable)
rCorr   .            (gloves currently unavailable)
SInv    +            (boots currently unavailable)
Will    .....        (no amulet)
Stlth   ++++++       g - melded ring "Zajes" {rPois rF+ rCorr Dex+6 Stlth-}
HPRegen 0.00/turn    (ring currently unavailable)
MPRegen 0.12/turn

%: no passive effects
@: bat-form, flying, bloodless, inhibited regen, very quick
A: fast, flying, no casting, tiny, bloodless, fangs 3, see invisible, vampiric
2, [frail 1]
a: Revivify, End Transformation, Renounce Religion, Channel Magic


You were on level 3 of the Dungeon.
You worshipped Sif Muna.
Sif Muna was pleased with you.
You were a vampire bat.
You visited 1 branch of the dungeon, and saw 4 of its levels.

You collected 105 gold pieces.

Inventory:

Hand Weapons
 a - a +1 dagger
 t - a +2 short sword of venom (melded)
 u - a +2 dagger of freezing
Missiles
 o - 6 javelins
 v - 5 boomerangs
Armour
 b - a +0 robe
 h - a +1 robe (melded)
 l - a +2 buckler (melded)
Jewellery
 g - the ring "Zajes" (melded) {rPois rF+ rCorr Dex+6 Stlth-}
   (You acquired it on level 2 of the Dungeon)

   [ring of dexterity]

   Dex+6:     It affects your dexterity (+6).
   rF+:       It protects you from fire.
   rPois:     It protects you from poison.
   rCorr:     It protects you from acid and corrosion.
   Stlth-:    It makes you less stealthy.
Talismans
 e - a beast talisman
 k - a serpent talisman
Wands
 r - a wand of flame (1)
Scrolls
 f - a scroll of fear
 m - a scroll of enchant weapon {unknown}
 q - 2 scrolls of teleportation
Potions
 c - a potion of invisibility
 d - a potion of attraction
 i - a potion of brilliance
 j - 2 potions of might
 n - 4 potions of enlightenment
 p - a potion of ambrosia
 s - a potion of lignification {unknown}


   Skills:
 + Level 1.0 Fighting
 + Level 1.7 Short Blades
 + Level 2.6 Dodging
 + Level 9.0 Stealth
 + Level 0.9 Shields
 - Level 3.0 Spellcasting
 - Level 5.0 Hexes
 - Level 3.0 Ice Magic


You had 6 spell levels left.
You knew the following spells:

 Your Spells              Type           Power      Damage    Failure   Level
a - Confusing Touch       Hex            17%        N/A       8%          3
b - Ensorcelled Hibernat  Hex/Ice        28%        N/A       6%          2

Your spell library contained the following spells:

 Spells                   Type           Power      Damage    Failure   Level
 Sigil of Binding         Hex            17%        N/A       8%          3
 Tukima's Dance           Hex            17%        N/A       8%          3
 Dazzling Flash           Conj/Hex       18%        N/A       22%         3
 Call Imp                 Summ           4%         N/A       30%         2
 Sublimation of Blood     Necr           2%         N/A       30%         2
 Call Canine Familiar     Summ           2%         N/A       52%         3
 Dimensional Bullseye     Hex/Tloc       4%         N/A       56%         4
 Summon Hydra             Summ           1%         N/A       100%        7


Dungeon Overview and Level Annotations

Branches:
Dungeon (4/15)
 Temple: D:4-7

Altars:
Makhleb
Sif Muna
Uskayaw
Vehumet

Annotations:
D:4 grrhawk's ghost, novice FoHu


Innate Abilities, Weirdness & Mutations

You are a vampire bat.
You are tiny and dextrous.
You move quickly.
You are flying.
You are immune to poison.
Your equipment is almost entirely melded.
You are incapable of wielding weapons or throwing items.
You cannot cast spells.
You do not regenerate when monsters are visible.
You are frail without blood (-20% HP).
You can heal yourself when you bite living creatures.
You are immune to poison.
You have razor-sharp teeth.
You have supernaturally acute eyesight. (SInv)
You are afflicted with vampirism and can become a bat while bloodless.
[You are frail. (-10% HP)]


Message History

Found 6 stones.
Found an escape hatch in the ceiling.
A ball python comes into view.
Found a stone staircase leading up.
An orc comes into view.
It is wielding a +0 club. 2 orcs and 2 adders come into view.
An adder comes into view.
The adder hisses angrily.
The orc shouts!
The ball python hisses angrily.
You hear a shout!
An orc comes into view. It is wielding a +0 short sword.
Found a scroll of identify.
The adder hisses angrily.
The orc shouts!
The adder hisses angrily.
The orc shouts!
You flicker back into view.
The ball python hisses angrily.
A goblin comes into view. It is wielding a +0 dagger.
The adder closely misses you.
There is a stone staircase leading up here.
The ball python completely misses you. The ball python misses you.
The adder closely misses you. The orc completely misses you.
The orc closely misses you.
You fly upwards.
There is a stone staircase leading down here.
You hit the orc.
The orc is lightly wounded.
The orc misses you. The orc closely misses you.
You hit the orc.
The orc is moderately wounded.
The orc misses you. The orc closely misses you.
You hit the orc.
The orc is heavily wounded.
The orc hits you with a +0 club.
* * * LOW HITPOINT WARNING * * *
The orc closely misses you.
You hit the orc.
The orc is severely wounded.
The orc completely misses you. The orc closely misses you.
You hit the orc.
The orc is severely wounded.
The orc hits you with a +0 club.
You die...

###...............#
.............÷....#
.####....##.##.####
.####....##.##.#
...............#
..###....##.##.#
...........)##.#
..#.#....#..##.###
.........#...#Sob#
.........#...###o##
.........#......S.####
.#....##.###.........#
.#................##.#
........######.#.###)#
........# #.#####<#
####..### #.......#
###...# #########


You could see an adder, 2 orcs and a ball python.

Vanquished Creatures
  Sigmund (D:2)
  Blork the orc (D:4)
  A crimson imp (D:3)
  A bombardier beetle (D:4)
  Terence (D:2)
  An iguana (D:4)
  4 adders
  3 gnolls (D:3)
  2 ribbon worms (D:3)
  2 dart slugs (D:1)
  4 orcs (D:3)
  4 ball pythons
  2 endoplasms
  2 giant cockroaches
  9 goblins
  3 hobgoblins
  4 jackals (D:1)
  7 kobolds
  6 quokkas
  5 bats
  3 frilled lizards
  24 rats
90 creatures vanquished.

Notes
Turn   | Place    | Note
-------+----------+-------------------------------------------
     0 | D:1      | Hubris850 the Vampire Enchanter began the quest for the
                  | Orb.
     0 | D:1      | Reached XP level 1. HP: 13/13 MP: 3/3
    56 | D:1      | Reached skill level 5 in Stealth
   129 | D:1      | Reached XP level 2. HP: 15/15 MP: 5/5
   616 | D:1      | Reached skill level 6 in Stealth
   664 | D:1      | Gained mutation: You are afflicted with vampirism and can
                  | become a bat while bloodless. [Vampire growth]
   664 | D:1      | Reached XP level 3. HP: 19/19 MP: 6/6
   860 | D:1      | Learned a level 3 spell: Confusing Touch
   863 | D:1      | Learned a level 2 spell: Ensorcelled Hibernation
   888 | D:2      | Identified a scroll of acquirement
   888 | D:2      | Acquired the ring "Zajes" {rPois rF+ rCorr Dex+6 Stlth-}
   948 | D:2      | Found a faded altar of an unknown god.
   976 | D:2      | Prayed at the altar of an unknown god.
   976 | D:2      | Became a worshipper of Sif Muna the Loreminder
   976 | D:2      | Reached * piety under Sif Muna
  1016 | D:2      | Found a hide-covered altar of Uskayaw.
  1159 | D:2      | Noticed Terence
  1161 | D:2      | Killed Terence
  1162 | D:2      | Reached skill level 7 in Stealth
  1162 | D:2      | Reached skill level 1 in Ice Magic
  1162 | D:2      | Reached XP level 4. HP: 24/24 MP: 7/7
  1302 | D:2      | Noticed Sigmund
  1328 | D:2      | Killed Sigmund
  1329 | D:2      | Reached skill level 8 in Stealth
  1329 | D:2      | Reached skill level 5 in Hexes
  1329 | D:2      | Reached XP level 5. HP: 25/28 MP: 0/9
  1614 | D:2      | Reached ** piety under Sif Muna
  1920 | D:3      | Found a radiant altar of Vehumet.
  1920 | D:3      | Found a burning altar of Makhleb.
  1925 | D:3      | Reached XP level 6. HP: 32/32 MP: 10/10
  2545 | D:4      | Noticed Blork the orc
  2563 | D:4      | Found a runed translucent gate.
  2564 | D:4      | Found a runed translucent gate.
  2565 | D:4      | Found a runed translucent gate.
  2566 | D:4      | Killed Blork the orc
  2567 | D:4      | Noticed grrhawk's ghost (novice FoHu)
  2588 | D:4      | Reached skill level 1 in Fighting
  2588 | D:4      | Reached skill level 9 in Stealth
  2726 | D:3      | HP: 1/30 [orc/+0 club (4)]
  2728 | D:3      | Slain by an orc

Illustrated notes

Levels and vault maps discovered:
D:1:      nagdon_arrival_zigzag_paths, layout_basic
D:2:      layout_basic, basic_altar, ebering_ecumenical_altar_petrified,
          minmay_rat_hole, uniq_sigmund, uniq_terence
D:3:      layout_basic, grunt_temple_overflow_lords_of_destruction
D:4:      layout_rooms, mainiacjoe_overflow_paths, minmay_temple_entry_grid,
          gammafunk_ghost_split, uniq_blork_the_orc

Skill      XL: |  1  2  3  4  5  6 |
---------------+-------------------+-----
Stealth        | 5 6 7 8 9 |  9.0
Ice Magic      | 1 2 3 |  3.0
Spellcasting   | 3 |  3.0
Hexes          | 5 |  5.0
Fighting       | 1 |  1.0
Short Blades   | |  1.7
Dodging        | |  2.6
Shields        | |  0.9

Action                     |  1- 3 |  4- 6 || total
---------------------------+-------+-------++-------
  Melee: Dagger            |    54 |    93 ||   147
         Bite              |     2 |    13 ||    15
         Short sword       |       |    47 ||    47
         Unarmed           |       |     5 ||     5
   Cast: Confusing Touch   |     1 |     1 ||     2
         Ensorcelled Hiber |       |     6 ||     6
Ability: Exsanguinate      |     1 |     1 ||     2
         Bat Form          |       |     1 ||     1
         Revivify          |       |     1 ||     1
    Use: Scroll            |     7 |     4 ||    11
         Potion            |       |     1 ||     1
   Stab: Sleeping          |    28 |    20 ||    48
         Confused          |     1 |       ||     1
         Distracted        |       |     1 ||     1
 Armour: Robe              |    15 |    43 ||    58
         Skin              |       |     2 ||     2
  Dodge: Dodged            |    17 |    65 ||    82
  Block: Buckler           |       |    34 ||    34

Table legend: (Time is in decaauts)
 A = Elapsed time spent in this place.
 B = Non-inter-level travel time spent in this place.
 C = Inter-level travel time spent in this place.
 D = Time resting spent in this place.
 E = Time spent auto-exploring this place.
 F = Levels seen in this place.
 G = Mean time per level.
                   A        B        C        D        E       F      G
               +--------+--------+--------+--------+--------+-----+--------+
         Total |   2722 |   2638 |     84 |    219 |   1677 |   4 |  680.5 |
       Dungeon |   2722 |   2638 |     84 |    219 |   1677 |   4 |  680.5 |
               +--------+--------+--------+--------+--------+-----+--------+

Top non-repeatable levels by time:
     D:2: 986 daAuts
     D:1: 881 daAuts
     D:3: 643 daAuts
     D:4: 211 daAuts
